[Event "Titled Tuesday Blitz May 16 Early 2023"]
[White "Priasmoro, Novendra"]
[Black "Durarbayli, Vasif"]
[WhiteFideId "7105029"]
[BlackFideId "13402935"]
[WhiteElo "2412"]
[BlackElo "2551"]
[Result "0-1"]
[Round "08"]
[TimeControl "180+2"]
[Date "2023.05.16"]
[WhiteClock "0:00:00"]
[BlackClock "0:00:40"]

1. e4 c5 2. Nf3 d6 3. d4 cxd4 4. Nxd4 Nf6 5. Nc3 Nc6 6. Bg5 Qb6 7. Nb3 e6 8. Qd2 a6 9. O-O-O Be7 10. f3 O-O 11. h4 Rd8 12. g4 Qc7 13. Bf4 b5 14. g5 Nh5 15. Bh2 b4 16. Ne2 a5 17. Kb1 Ne5 18. Nbd4 Nc4 19. Qc1 Rb8 20. Ng3 Nxg3 21. Bxg3 a4 22. Bxc4 Qxc4 23. Qe3 Bf8 24. h5 e5 25. Nf5 b3 26. cxb3 axb3 27. a3 Qc2+ 28. Ka1 Ra8 0-1


[Site "https://www.chess.com"]

[Event "Titled Tuesday Blitz May 16 Early 2023"]
[White "Nakamura, Hikaru"]
[Black "Kravtsiv, Martyn"]
[WhiteFideId "2016192"]
[BlackFideId "14113147"]
[WhiteElo "2885"]
[BlackElo "2695"]
[Result "1-0"]
[Round "08"]
[TimeControl "180+2"]
[Date "2023.05.16"]
[WhiteClock "0:00:12"]
[BlackClock "0:00:00"]

1. e4 e5 2. Bc4 Nf6 3. d3 Nc6 4. Nc3 Na5 5. Qf3 Be7 6. Nge2 d6 7. Ng3 Bg4 8. Qe3 Qd7 9. O-O h5 10. h3 Nxc4 11. dxc4 Be6 12. b3 h4 13. Nge2 g5 14. f3 Nh5 15. Rd1 Nf4 16. Qf2 Rg8 17. Kh2 b6 18. Qf1 Kf8 19. a4 Kg7 20. a5 Kh7 21. Be3 Bf6 22. Nd5 Bg7 23. Nec3 c6 24. axb6 cxd5 25. cxd5 Bxh3 26. gxh3 axb6 27. Nb5 f5 28. Rxa8 Rxa8 29. Bxf4 exf4 30. exf5 Ra5 31. c4 Ra2+ 32. Kh1 Be5 33. Qd3 Kg7 34. Nd4 Kf6 35. Ne6 Qa7 36. Qf1 Rc2 37. Qg1 Kf7 38. Nxg5+ Ke7 39. f6+ Kxf6 40. Ne4+ Ke7 41. Qg5+ Kd7 42. Qf5+ Kc7 43. Rg1 Qa2 44. Qf7+ 1-0


[Site "https://www.chess.com"]

[Event "Titled Tuesday Blitz May 16 Early 2023"]
[White "Kamsky, Gata"]
[Black "Nihal Sarin"]
[WhiteFideId "2000024"]
[BlackFideId "25092340"]
[WhiteElo "2660"]
[BlackElo "2689"]
[Result "1/2-1/2"]
[Round "08"]
[TimeControl "180+2"]
[Date "2023.05.16"]
[WhiteClock "0:00:27"]
[BlackClock "0:00:08"]

1. e4 g6 2. d4 Bg7 3. Nc3 d6 4. Nf3 Nc6 5. h3 Nf6 6. Bd3 O-O 7. O-O e5 8. dxe5 Nxe5 9. Nxe5 dxe5 10. Bc4 Qe7 11. Nd5 Nxd5 12. Bxd5 c6 13. Bb3 Bf6 14. Qf3 Kg7 15. Be3 Bg5 16. Rad1 Bxe3 17. Qxe3 b6 18. Qc3 Ba6 19. Rfe1 Rac8 20. Rd2 c5 21. Bd5 f6 22. Red1 Rfd8 23. Qa3 Bb5 24. c4 Be8 25. Qg3 Rc7 26. h4 h6 27. b3 g5 28. f3 Bg6 29. Kf2 Rcd7 30. Rh1 Rh8 31. Rdd1 Rdd8 32. Qh3 Rh7 33. Qg4 Be8 34. Qg3 Rd6 35. Rhe1 Rh8 36. Kg1 Bg6 37. Qf2 Rhd8 38. Qg3 Qc7 39. Qf2 Qc8 40. Qg3 Qa6 41. Rd2 Qa5 42. Red1 Qc3 43. Qf2 Qa5 44. Qg3 b5 45. cxb5 Qxb5 46. Bc4 Qb6 47. Rxd6 Rxd6 48. Rxd6 Qxd6 49. Bd5 Bf7 50. Bxf7 Kxf7 51. hxg5 hxg5 52. Qh3 Kg7 53. Qc8 Qd4+ 54. Kh2 Qe3 55. Qd7+ Kg6 56. Qe8+ Kg7 57. Qe7+ Kg6 58. Qe8+ Kg7 59. Qe7+ Kg6 60. Qe8+ 1/2-1/2


[Site "https://www.chess.com"]

[Event "Titled Tuesday Blitz May 16 Early 2023"]
[White "Bortnyk, Olexandr"]
[Black "Sychev, Klementy"]
[WhiteFideId "14120828"]
[BlackFideId "4114060"]
[WhiteElo "2734"]
[BlackElo "2583"]
[Result "0-1"]
[Round "08"]
[TimeControl "180+2"]
[Date "2023.05.16"]
[WhiteClock "0:00:00"]
[BlackClock "0:00:07"]

1. e4 e5 2. Nf3 Nc6 3. Bb5 a6 4. Ba4 f5 5. d4 exd4 6. e5 b5 7. Bb3 Bb7 8. c3 Na5 9. Bc2 dxc3 10. Nxc3 Bc5 11. Bxf5 Ne7 12. Be4 d5 13. exd6 Qxd6 14. Qc2 O-O-O 15. O-O h6 16. Re1 Rhe8 17. a4 b4 18. Bxb7+ Nxb7 19. Ne4 Qc6 20. Bf4 Bb6 21. Qe2 Nd5 22. Be5 Nf6 23. Bxf6 gxf6 24. Rac1 Qe6 25. Qf1 Qf5 26. Ng3 Rxe1 27. Qxe1 Qd5 28. h3 Nc5 29. Qe2 Nd3 30. Rf1 b3 31. Kh2 Nc5 32. Nh4 Kb8 33. Nhf5 Nxa4 34. Ne7 Qd6 35. Qe4 Nc5 36. Nc6+ Kc8 37. Qf5+ Rd7 38. Nb4 a5 39. Re1 axb4 40. Qg4 Kb7 41. Qxb4 Qc6 42. Qg4 Qd5 43. Re2 Qd6 44. h4 Re7 45. Rxe7 Qxe7 46. Qf3+ Kb8 47. Nf5 Qe5+ 48. g3 Qxb2 49. Nxh6 Nb7 50. Nf5 Qxf2+ 51. Qxf2 Bxf2 52. h5 b2 53. h6 b1=Q 54. h7 Qg1+ 0-1


[Site "https://www.chess.com"]

[Event "Titled Tuesday Blitz May 16 Early 2023"]
[White "Bacrot, Etienne"]
[Black "Andreikin, Dmitry"]
[WhiteFideId "605506"]
[BlackFideId "4158814"]
[WhiteElo "2672"]
[BlackElo "2736"]
[Result "0-1"]
[Round "08"]
[TimeControl "180+2"]
[Date "2023.05.16"]
[WhiteClock "0:00:00"]
[BlackClock "0:00:02"]

1. e4 c5 2. Nf3 g6 3. d4 cxd4 4. Qxd4 Nf6 5. Nc3 Nc6 6. Qa4 h5 7. h3 d6 8. e5 Nd7 9. exd6 Nc5 10. Qf4 Bg7 11. Be3 Ne6 12. dxe7 Qa5 13. Qc4 Bd7 14. O-O-O Rc8 15. Qd5 Qxd5 16. Nxd5 Nxe7 17. Nxe7 Kxe7 18. Nd4 Nxd4 19. Bxd4 Bf5 20. Re1+ Kf8 21. Bxg7+ Kxg7 22. c3 h4 23. Re3 Rhe8 24. Rxe8 Rxe8 25. Bc4 Re5 26. Rd1 Be4 27. Bf1 Bc6 28. Kd2 Rd5+ 29. Kc2 Rf5 30. f3 Kf6 31. Rd4 g5 32. Kd2 Ke5 33. b3 Rf4 34. Ke3 b6 35. Rd8 Rf6 36. Bc4 b5 37. Bd3 Re6 38. Rd4 Kf6+ 39. Kf2 a6 40. f4 Bb7 41. fxg5+ Kxg5 42. Rg4+ Kh5 43. Be2 Rf6+ 44. Ke1 Re6 45. Kf2 Rf6+ 46. Rf4+ Kg5 47. Rxf6 Kxf6 48. Bf3 Bc8 49. g3 Kg5 50. Bg2 Be6 51. g4 a5 52. Ke3 b4 53. c4 a4 54. Ke4 a3 55. c5 Bxb3 56. c6 Bxa2 57. Ke5 Be6 58. Bd5 a2 59. Bxe6 a1=Q+ 0-1


[Site "https://www.chess.com"]

[Event "Titled Tuesday Blitz May 16 Early 2023"]
[White "Salinas Herrera, Pablo"]
[Black "Grischuk, Alexander"]
[WhiteFideId "3407128"]
[BlackFideId "4126025"]
[WhiteElo "2546"]
[BlackElo "2721"]
[Result "0-1"]
[Round "08"]
[TimeControl "180+2"]
[Date "2023.05.16"]
[WhiteClock "0:00:15"]
[BlackClock "0:01:00"]

1. e4 e6 2. d4 d5 3. exd5 exd5 4. Bd3 Nc6 5. Nf3 Bd6 6. O-O Nge7 7. c3 Bg4 8. Re1 Qd7 9. Nbd2 f6 10. b4 O-O 11. a4 Ng6 12. Qc2 Nce7 13. b5 Bf5 14. Nf1 Bxd3 15. Qxd3 Nf5 16. Ne3 Nxe3 17. Bxe3 a6 18. Nd2 axb5 19. axb5 Rxa1 20. Rxa1 Re8 21. c4 dxc4 22. Qxc4+ Qf7 23. Ra7 b6 24. Qc6 Ne7 25. Qd7 Nd5 26. Qc6 h5 27. Nc4 Nb4 28. Nxd6 Nxc6 29. Nxf7 Nxa7 0-1


[Site "https://www.chess.com"]

[Event "Titled Tuesday Blitz May 16 Early 2023"]
[White "Sviridov, Valery"]
[Black "Martinez Alcantara, Jose Eduardo"]
[WhiteFideId "4120680"]
[BlackFideId "3805662"]
[WhiteElo "2457"]
[BlackElo "2711"]
[Result "0-1"]
[Round "08"]
[TimeControl "180+2"]
[Date "2023.05.16"]
[WhiteClock "0:00:11"]
[BlackClock "0:00:09"]

1. d4 Nf6 2. Nf3 e6 3. e3 b6 4. Nbd2 Bb7 5. Bd3 c5 6. O-O Nc6 7. c3 d5 8. Qe2 Be7 9. Re1 Qc7 10. dxc5 bxc5 11. e4 O-O 12. e5 Nd7 13. Nf1 Rae8 14. Ng3 f5 15. exf6 Bxf6 16. Nh5 e5 17. Bc2 e4 18. Bf4 Qd8 19. Nd2 Be5 20. Qg4 g6 21. Bh6 Rf5 22. Ng3 Nf6 23. Qe2 Bxg3 24. hxg3 Ne5 25. Rad1 Qe7 26. Bf4 c4 27. Bxe5 Rxe5 28. Nf1 Qc5 29. Ne3 h5 30. Qd2 Kg7 31. b3 cxb3 32. axb3 Rd8 33. Qd4 Qxd4 34. Rxd4 Rc8 35. c4 a6 36. Red1 a5 37. Bb1 Rc5 38. cxd5 Bxd5 39. Nxd5 Nxd5 40. Rxe4 Nc3 41. Rxe5 Rxe5 42. Rf1 Rd5 43. f3 Rd2 44. Be4 Rb2 45. Ra1 Nxe4 46. fxe4 Rxb3 47. Rxa5 Rxg3 48. Kf2 Rb3 49. Rc5 Kf6 50. Ra5 Rc3 51. Rb5 h4 52. Ra5 g5 53. Rf5+ Kg6 54. Rf3 Rc2+ 55. Kf1 Rc1+ 56. Kf2 Rc2+ 57. Kf1 g4 58. Rf8 g3 59. Rh8 Kg5 60. Rg8+ Kf4 61. Rf8+ Ke3 62. Rf3+ Kxe4 63. Rf8 Rc1+ 64. Ke2 Rc2+ 65. Kf1 Rc1+ 66. Ke2 Rg1 67. Re8+ Kf4 68. Rf8+ Kg5 69. Rg8+ Kf5 70. Kf3 Rf1+ 71. Ke3 Rf2 72. Rh8 Rxg2 73. Rxh4 Rf2 74. Rh8 Kg4 75. Rh7 Rf8 76. Ke2 g2 77. Rg7+ Kh3 78. Rh7+ Kg3 79. Rg7+ Kh2 80. Rh7+ Kg1 81. Rg7 Re8+ 82. Kf3 Kf1 0-1


[Site "https://www.chess.com"]

[Event "Titled Tuesday Blitz May 16 Early 2023"]
[White "Tabatabaei, M. Amin"]
[Black "Zherebukh, Yaroslav"]
[WhiteFideId "12521213"]
[BlackFideId "14116804"]
[WhiteElo "2575"]
[BlackElo "2531"]
[Result "1-0"]
[Round "08"]
[TimeControl "180+2"]
[Date "2023.05.16"]
[WhiteClock "0:00:53"]
[BlackClock "0:00:00"]

1. c4 Nf6 2. g3 c6 3. d4 d5 4. Bg2 g6 5. Qa4 Bg7 6. cxd5 Nxd5 7. Nf3 Nb6 8. Qa3 Bg4 9. O-O Bxf3 10. Bxf3 Qxd4 11. Nc3 N8d7 12. Rd1 Qc5 13. Qb3 Qc4 14. Qc2 O-O 15. Bg5 Bf6 16. Be3 Rfd8 17. h4 Ne5 18. Bg2 Ng4 19. Bf4 Nd5 20. Bxd5 Rxd5 21. Rxd5 cxd5 22. Qb3 Qxb3 23. axb3 e6 24. b4 Ne5 25. Nb5 a6 26. Nd6 b6 27. b5 a5 28. Rc1 Nd7 29. Rc7 Nc5 30. Bc1 Be5 31. Rc6 Nb3 32. Bh6 Bxb2 33. Rxb6 a4 34. Ra6 Rxa6 35. bxa6 Bd4 36. Be3 1-0


[Site "https://www.chess.com"]

[Event "Titled Tuesday Blitz May 16 Early 2023"]
[White "Van Foreest, Jorden"]
[Black "Bondau"]
[WhiteFideId "1039784"]
[WhiteElo "2633"]
[BlackElo "2789"]
[Result "1-0"]
[Round "08"]
[TimeControl "180+2"]
[Date "2023.05.16"]
[WhiteClock "0:01:22"]
[BlackClock "0:00:00"]

1. e4 c5 2. Nf3 d6 3. Nc3 Nf6 4. e5 dxe5 5. Nxe5 a6 6. Qe2 e6 7. g3 Qc7 8. Bg2 Bd6 9. Nc4 Nc6 10. Nxd6+ Qxd6 11. Ne4 Nxe4 12. Qxe4 O-O 13. O-O Bd7 14. d3 Rfe8 15. c3 Rac8 16. Be3 b5 17. a4 b4 18. Rfd1 bxc3 19. bxc3 Na5 20. d4 Bc6 21. Qg4 Bxg2 22. Kxg2 c4 23. Bh6 g6 24. d5 e5 25. Rab1 Nb3 26. Be3 f5 27. Qg5 Rf8 28. f3 Rce8 29. h4 f4 30. Bf2 e4 31. fxe4 Rxe4 32. Re1 f3+ 33. Kh2 Re2 34. Rxe2 fxe2 35. Qe3 Qf6 36. Kg2 Qf5 37. Qe6+ Qxe6 38. dxe6 Re8 39. Be3 Rxe6 40. Kf2 e1=Q+ 41. Rxe1 Kf7 42. Rd1 Ke7 43. Bg5+ Kf7 44. Rd7+ Kg8 45. Be3 h5 46. Kf3 Rf6+ 47. Ke4 Rf5 48. Rd6 Ra5 49. Rxg6+ Kf7 50. Rg5 Rxa4 51. Rxh5 Ra2 52. Rf5+ Ke6 53. Re5+ Kf6 54. h5 Re2 55. Rf5+ Ke6 56. Rg5 Nd2+ 57. Kf4 Nb3 58. Rg6+ Kf7 59. Rxa6 Rh2 60. g4 Rh3 61. h6 Kg8 62. g5 Kh7 63. Ra7+ Kg6 64. Kg4 1-0


[Site "https://www.chess.com"]

[Event "Titled Tuesday Blitz May 16 Early 2023"]
[White "Gunina, Valentina"]
[Black "Yeletsky, Ivan"]
[WhiteFideId "4167570"]
[BlackFideId "24180327"]
[WhiteElo "2352"]
[BlackElo "2380"]
[Result "1/2-1/2"]
[Round "08"]
[TimeControl "180+2"]
[Date "2023.05.16"]
[WhiteClock "0:00:12"]
[BlackClock "0:00:06"]

1. d4 d5 2. c4 e6 3. Nf3 c5 4. cxd5 exd5 5. Nc3 Nf6 6. g3 Nc6 7. Bg2 cxd4 8. Nxd4 Bc5 9. Nb3 Bb6 10. O-O d4 11. Na4 O-O 12. Bg5 h6 13. Bxf6 Qxf6 14. Nxb6 axb6 15. Bxc6 bxc6 16. Qxd4 Qd8 17. Rfd1 Be6 18. Qxd8 Rfxd8 19. Nd4 Rxa2 20. Nxc6 Rxd1+ 21. Rxd1 Rxb2 22. Nd4 Bc4 23. e3 b5 24. Kg2 b4 25. Nc6 b3 26. Rd4 Rc2 27. Nb4 Bf1+ 28. Kxf1 Rc1+ 29. Kg2 b2 30. Nd3 b1=Q 31. Nxc1 Qxc1 32. h4 Qc6+ 33. Kg1 Qf3 34. Rf4 Qd1+ 35. Kg2 g5 36. hxg5 hxg5 37. Rf5 Qg4 38. Re5 f6 39. Re7 Kf8 40. Rc7 Qe4+ 41. Kg1 Qd5 42. Ra7 f5 43. Rc7 Qa5 44. Rh7 Kg8 45. Re7 Kf8 46. Rh7 Qc5 47. Kf1 Qc2 48. Ra7 Qd1+ 49. Kg2 Qd5+ 50. Kg1 Qc4 51. Rh7 f4 52. gxf4 gxf4 53. exf4 Qxf4 54. Rh3 Kf7 55. Rg3 Qe4 56. Re3 Qb1+ 57. Kg2 Kf6 58. Rf3+ Ke5 59. Re3+ Kf4 60. Rf3+ Ke4 61. Re3+ Kd4 62. Rg3 Qe4+ 63. Kg1 Qa8 64. Re3 Qb7 65. Rg3 Ke4 66. Re3+ Kf4 67. Rg3 Qb1+ 68. Kg2 Qe4+ 69. Kg1 Qd5 70. Re3 Qh5 71. Rg3 Qd1+ 72. Kg2 Qc2 73. Re3 Qc6+ 74. Kg1 Qb7 75. Rg3 Qb6 76. Re3 Qb1+ 77. Kg2 Qg6+ 78. Rg3 Qc6+ 79. Kg1 Qd5 80. Re3 Qd1+ 81. Kg2 Qd4 82. Rg3 Qe4+ 83. Kg1 Qe1+ 84. Kg2 Qe2 85. Kg1 Qe1+ 86. Kg2 Qe2 87. Kg1 Qe1+ 1/2-1/2


[Site "https://www.chess.com"]

[Event "Titled Tuesday Blitz May 16 Early 2023"]
[White "Wagner, Dennis"]
[Black "Kramnik, Vladimir"]
[WhiteFideId "24650684"]
[BlackFideId "4101588"]
[WhiteElo "2478"]
[BlackElo "2703"]
[Result "1-0"]
[Round "08"]
[TimeControl "180+2"]
[Date "2023.05.16"]
[WhiteClock "0:00:12"]
[BlackClock "0:00:10"]

1. e4 c5 2. Nf3 e6 3. d4 cxd4 4. Nxd4 a6 5. Nc3 d6 6. Bd3 Nf6 7. f4 Nbd7 8. Qf3 Qc7 9. g4 Nc5 10. g5 Nfd7 11. a4 g6 12. h4 Bg7 13. Be3 b6 14. h5 Bb7 15. h6 Bxd4 16. Bxd4 e5 17. fxe5 dxe5 18. Be3 O-O 19. O-O-O f5 20. Bc4+ Kh8 21. Bd5 Bxd5 22. Nxd5 Qc6 23. Bxc5 Nxc5 24. Qc3 Qd6 25. Nxb6 Nxe4 26. Rxd6 Nxc3 27. bxc3 Rad8 28. Rxd8 Rxd8 29. c4 Rd6 30. Rd1 1-0


[Site "https://www.chess.com"]

[Event "Titled Tuesday Blitz May 16 Early 2023"]
[White "Harshavardhan G B"]
[Black "Ivic, Velimir"]
[WhiteFideId "25059009"]
[BlackFideId "950122"]
[WhiteElo "2323"]
[BlackElo "2563"]
[Result "0-1"]
[Round "08"]
[TimeControl "180+2"]
[Date "2023.05.16"]
[WhiteClock "0:00:42"]
[BlackClock "0:00:45"]

1. e4 c5 2. Nf3 Nc6 3. d4 cxd4 4. Nxd4 e5 5. Nb5 d6 6. c4 g6 7. N1c3 a6 8. Na3 Bg7 9. g3 h5 10. h4 Bg4 11. f3 Be6 12. Bg2 Nd4 13. O-O b5 14. cxb5 axb5 15. Nc2 Nxc2 16. Qxc2 b4 17. Ne2 Qb6+ 18. Kh2 Nf6 19. b3 O-O 20. Bg5 Ra6 21. Qd2 Rfa8 22. Nc1 d5 23. Bxf6 Bxf6 24. exd5 Bf5 25. Nd3 Qd4 26. Rfd1 Bxd3 27. Qxd3 Qxd3 28. Rxd3 e4 29. Rdd1 Bxa1 30. Rxa1 exf3 31. Bxf3 Rxa2+ 32. Rxa2 Rxa2+ 33. Kh3 Rd2 34. g4 Rd3 35. Kg3 hxg4 36. Kxg4 Kf8 37. Kf4 Ke7 38. h5 Rxf3+ 0-1


[Site "https://www.chess.com"]

[Event "Titled Tuesday Blitz May 16 Early 2023"]
[White "Steinberg, Nitzan"]
[Black "Papasimakopoulos, Alexandros"]
[WhiteFideId "2801795"]
[BlackFideId "4244125"]
[WhiteElo "2486"]
[BlackElo "2359"]
[Result "1-0"]
[Round "08"]
[TimeControl "180+2"]
[Date "2023.05.16"]
[WhiteClock "0:01:26"]
[BlackClock "0:00:32"]

1. d4 Nf6 2. Nf3 b6 3. Bg5 e6 4. e4 h6 5. Bxf6 Qxf6 6. Nc3 Bb4 7. Bd3 d5 8. a3 Bxc3+ 9. bxc3 O-O 10. e5 Qe7 11. h4 c5 12. g4 Ba6 13. h5 Bxd3 14. Qxd3 f6 15. Nh4 Qc7 16. Ng6 Rf7 17. f4 fxe5 18. dxe5 Nc6 19. O-O-O Ne7 20. Rdf1 c4 21. Qe3 Qc5 22. Qxc5 bxc5 23. f5 exf5 24. e6 Rff8 25. Nxe7+ Kh7 26. gxf5 d4 27. Rhg1 Rad8 28. Rg6 Rde8 29. Nd5 Kh8 30. Kd2 a5 31. a4 Rg8 32. f6 Rxe6 33. fxg7+ Rxg7 34. Rxe6 1-0


[Site "https://www.chess.com"]

[Event "Titled Tuesday Blitz May 16 Early 2023"]
[White "Sarana, Alexey"]
[Black "Drygalov, Sergey"]
[WhiteFideId "24133795"]
[BlackFideId "24171743"]
[WhiteElo "2714"]
[BlackElo "2533"]
[Result "1/2-1/2"]
[Round "08"]
[TimeControl "180+2"]
[Date "2023.05.16"]
[WhiteClock "0:00:02"]
[BlackClock "0:00:06"]

1. d4 Nf6 2. c4 e6 3. Nc3 Bb4 4. e3 O-O 5. Bd3 d5 6. a3 Bxc3+ 7. bxc3 dxc4 8. Bxc4 c5 9. Ne2 b6 10. Qd3 Nc6 11. f3 Qc7 12. e4 Rd8 13. Ba2 a5 14. Bf4 e5 15. Bg3 cxd4 16. cxd4 Ba6 17. Qc3 Bxe2 18. d5 Bb5 19. dxc6 Re8 20. Rc1 Rad8 21. Kf2 Rd3 22. Qb2 Ba4 23. Bc4 Rd6 24. Be2 Bxc6 25. Bxe5 Ng4+ 26. fxg4 Rxe5 27. Qxe5 Rf6+ 28. Qf5 Rxf5+ 29. exf5 Qf4+ 30. Bf3 Qd2+ 31. Kg3 Qd6+ 32. Kh3 Qh6+ 33. Kg3 Qd6+ 34. Kh4 Qh6+ 35. Kg3 Qd6+ 1/2-1/2


[Site "https://www.chess.com"]

[Event "Titled Tuesday Blitz May 16 Early 2023"]
[White "Demchenko, Anton"]
[Black "Alex_Sahakyan2006"]
[WhiteFideId "4160258"]
[WhiteElo "2545"]
[BlackElo "2674"]
[Result "1-0"]
[Round "08"]
[TimeControl "180+2"]
[Date "2023.05.16"]
[WhiteClock "0:00:04"]
[BlackClock "0:00:00"]

1. e4 c5 2. Nc3 Nc6 3. Bb5 Nd4 4. a4 g6 5. Nf3 Bg7 6. d3 e6 7. a5 a6 8. Ba4 Qc7 9. O-O Ne7 10. Nxd4 cxd4 11. Ne2 O-O 12. Bb3 d5 13. Ng3 Bd7 14. Bg5 Bc6 15. Re1 Rfe8 16. Qd2 Rad8 17. f3 Rc8 18. Bh6 Bh8 19. Qg5 f6 20. Qg4 Bd7 21. Qh4 Qd6 22. Re2 g5 23. Qg4 Ng6 24. Nh5 Kf7 25. Rae1 e5 26. Qg3 Be6 27. Qf2 dxe4 28. Bxe6+ Rxe6 29. fxe4 Ke7 30. Ng3 Kd7 31. Nf5 Qb4 32. Bg7 Bxg7 33. Nxg7 Rec6 34. Qf5+ Kc7 35. g3 Kb8 36. Qf2 Qxb2 37. Nh5 Rxc2 38. Nxf6 Rxe2 39. Rxe2 Qa1+ 40. Kg2 Qxa5 41. Nd5 Qb5 42. Rd2 g4 43. Qf5 Qa5 44. Rf2 Qa3 45. Qxg4 Qxd3 46. h4 Rc2 47. h5 Rxf2+ 48. Kxf2 Qc2+ 49. Kg1 Qc1+ 50. Kh2 Qc2+ 51. Kh3 Qc1 52. Qf5 Qh1+ 53. Kg4 Qd1+ 54. Kg5 1-0


[Site "https://www.chess.com"]

[Event "Titled Tuesday Blitz May 16 Early 2023"]
[White "Makarian, Rudik"]
[Black "Badmatsyrenov, Oleg"]
[WhiteFideId "44105681"]
[BlackFideId "24115762"]
[WhiteElo "2461"]
[BlackElo "2396"]
[Result "1-0"]
[Round "08"]
[TimeControl "180+2"]
[Date "2023.05.16"]
[WhiteClock "0:01:11"]
[BlackClock "0:00:14"]

1. d4 Nf6 2. c4 c5 3. d5 e6 4. Nc3 exd5 5. cxd5 d6 6. e4 g6 7. f4 Bg7 8. Bb5+ Nfd7 9. Bd3 Nb6 10. Nf3 Bg4 11. O-O O-O 12. h3 Bxf3 13. Qxf3 N8d7 14. Kh1 c4 15. Bc2 Nc5 16. Be3 Rc8 17. Rad1 Re8 18. e5 Nd3 19. e6 f5 20. Bxd3 cxd3 21. Rxd3 Nc4 22. Bc1 Qb6 23. b3 Na5 24. Bb2 Nc4 25. Na4 Nxb2 26. Nxb6 axb6 27. Rd2 Rc3 28. Qe2 Rec8 29. Rxb2 Rc1 30. Rxc1 Rxc1+ 31. Kh2 Bd4 32. e7 Rc8 33. Qe6+ Kg7 34. Qxc8 1-0


[Site "https://www.chess.com"]

[Event "Titled Tuesday Blitz May 16 Early 2023"]
[White "Zhigalko, Sergei"]
[Black "carokannlover213"]
[WhiteFideId "13502956"]
[WhiteElo "2626"]
[BlackElo "2706"]
[Result "1-0"]
[Round "08"]
[TimeControl "180+2"]
[Date "2023.05.16"]
[WhiteClock "0:00:04"]
[BlackClock "0:00:04"]

1. e4 e5 2. Nf3 Nf6 3. d4 Nxe4 4. Bd3 Nc6 5. d5 Nc5 6. dxc6 e4 7. cxb7 Bxb7 8. Be2 exf3 9. Bxf3 Bxf3 10. Qxf3 Be7 11. O-O O-O 12. Rd1 Ne6 13. c4 c6 14. Nc3 Rb8 15. b3 Bf6 16. Bb2 Nd4 17. Qd3 d5 18. cxd5 cxd5 19. Rd2 Re8 20. Rad1 Qa5 21. h3 Rbd8 22. Na4 Ne6 23. Bxf6 gxf6 24. Qf5 Ng7 25. Qxf6 Re6 26. Qc3 Qb5 27. Qd3 Qc6 28. Rc2 Qd6 29. Nc5 Re7 30. b4 Ne6 31. g3 Ng7 32. Rcd2 Ne6 33. Rc2 Nxc5 34. Rxc5 d4 35. Rh5 Qg6 36. Rh4 Qxd3 37. Rxd3 Re1+ 38. Kg2 Re2 39. a3 Ra2 40. Rg4+ Kf8 41. Kf3 Ra1 42. h4 Ra2 43. Rf4 Rc8 44. Kg4 Rcc2 45. Rdf3 Kg8 46. Rxf7 Rc3 47. Rf8+ Kg7 48. R3f7+ Kh6 49. Rf6+ Kg7 50. R8f7+ Kg8 51. Rxa7 Raxa3 52. Rxa3 Rxa3 53. Rd6 Rd3 54. Kf4 Kf8 55. Ke5 Rd2 56. Rxd4 Rb2 57. Kd5 Ke7 58. f3 Kd7 59. Kc5+ Kc7 60. Rg4 Rc2+ 61. Kb5 Rf2 62. Rg7+ Kd6 63. Rxh7 Rxf3 64. Rg7 Rf5+ 65. Kc4 Kc6 66. Rg6+ Kc7 67. Rg7+ Kc6 68. Rg5 Kc7 69. Rxf5 1-0


[Site "https://www.chess.com"]

[Event "Titled Tuesday Blitz May 16 Early 2023"]
[White "Tang, Andrew"]
[Black "Prohaszka, Peter"]
[WhiteFideId "2059630"]
[BlackFideId "726265"]
[WhiteElo "2596"]
[BlackElo "2626"]
[Result "1-0"]
[Round "08"]
[TimeControl "180+2"]
[Date "2023.05.16"]
[WhiteClock "0:00:08"]
[BlackClock "0:00:01"]

1. d4 d5 2. Bf4 Nf6 3. e3 c5 4. dxc5 e6 5. b4 a5 6. c3 Nc6 7. Bb5 axb4 8. cxb4 Ne4 9. Ne2 g5 10. Be5 f6 11. Bb2 g4 12. Ng3 Nxg3 13. hxg3 e5 14. Nc3 Be6 15. Qc2 Qc7 16. a3 O-O-O 17. Bd3 h5 18. Na4 Kb8 19. Nb6 d4 20. Qa4 Na7 21. exd4 Bh6 22. O-O h4 23. gxh4 g3 24. Rae1 Bf4 25. Bc1 Rxh4 26. Bxf4 exf4 27. fxg3 fxg3 28. Rxf6 Qg7 29. Rexe6 Qh8 30. Kf1 Rh1+ 31. Ke2 Qh5+ 32. Rf3 Qh2 33. Kd2 Qxg2+ 34. Be2 Rh2 35. Re8 Nc6 36. Qa8+ Kc7 37. Qc8+ Rxc8 38. Rxc8# 1-0


[Site "https://www.chess.com"]

[Event "Titled Tuesday Blitz May 16 Early 2023"]
[White "Mirzoev, Azer"]
[Black "Ibarra Jerez, Jose Carlos"]
[WhiteFideId "13400304"]
[BlackFideId "2226332"]
[WhiteElo "2525"]
[BlackElo "2638"]
[Result "0-1"]
[Round "08"]
[TimeControl "180+2"]
[Date "2023.05.16"]
[WhiteClock "0:00:00"]
[BlackClock "0:01:12"]

1. d4 Nf6 2. Nf3 g6 3. c4 d6 4. Nc3 Bf5 5. Bg5 Ne4 6. Nxe4 Bxe4 7. e3 c6 8. Nd2 Bf5 9. Be2 Bg7 10. O-O O-O 11. Qb3 Qc7 12. Bh4 c5 13. dxc5 dxc5 14. Bg3 Qc8 15. Bf3 Nc6 16. Ne4 Na5 17. Qc2 Qe6 18. Rac1 Rac8 19. Rfd1 b6 20. b3 Rfd8 21. Rd5 Nc6 22. Rcd1 Re8 23. a3 h6 24. h3 Na5 25. Qb1 Nxb3 26. Qxb3 Bxe4 27. Bxe4 Qxe4 28. Rd7 Ra8 29. a4 Bf6 30. Qb5 a6 31. Qb3 Rec8 32. R1d5 Rc6 33. Rd1 Kg7 34. Rb7 h5 0-1


[Site "https://www.chess.com"]

[Event "Titled Tuesday Blitz May 16 Early 2023"]
[White "Nitish Belurkar"]
[Black "Keymer, Vincent"]
[WhiteFideId "5084768"]
[BlackFideId "12940690"]
[WhiteElo "2352"]
[BlackElo "2669"]
[Result "0-1"]
[Round "08"]
[TimeControl "180+2"]
[Date "2023.05.16"]
[WhiteClock "0:00:35"]
[BlackClock "0:00:05"]

1. d4 Nf6 2. Nf3 e6 3. Nbd2 d5 4. e3 Bd6 5. Bd3 O-O 6. O-O c5 7. c3 Nc6 8. Qe2 h6 9. e4 dxe4 10. Nxe4 cxd4 11. Nxf6+ Qxf6 12. Qe4 Qf5 13. Qxf5 exf5 14. Nxd4 Nxd4 15. cxd4 Be6 16. Bd2 Rfe8 17. h3 a6 18. Rfe1 Rac8 19. a3 h5 20. Rac1 g6 21. Rxc8 Rxc8 22. g3 Bf8 23. Rc1 Rd8 24. Be3 Bg7 25. Rd1 h4 26. Bf1 hxg3 27. fxg3 Bb3 28. Rd2 Bd5 29. Bg2 Bf8 30. Bxd5 Rxd5 31. Kf2 f6 32. Ke2 Kf7 33. Kd3 Ke6 34. Rc2 Rd7 35. Rc8 Bd6 36. Bf2 g5 37. Re8+ Kf7 38. Rh8 Kg7 39. Rc8 Kg6 40. Rg8+ Kf7 41. Rc8 f4 42. gxf4 Bxf4 43. Ke4 Ke6 44. h4 f5+ 45. Kf3 Bd2 46. hxg5 Bxg5 47. Re8+ Kf7 48. Re5 Kg6 49. Re6+ Kf7 50. Re5 Kf6 51. b4 Bc1 52. Ra5 Bb2 53. d5 Be5 54. Ke3 Bc7 55. Rc5 Bb6 56. Kd4 Bxc5+ 57. bxc5 f4 58. Ke4 Kg5 59. d6 Kf6 60. Kd5 Kf5 61. c6 bxc6+ 62. Kxc6 Ke6 63. Bc5 f3 64. a4 Rxd6+ 65. Bxd6 f2 0-1


[Site "https://www.chess.com"]

[Event "Titled Tuesday Blitz May 16 Early 2023"]
[White "MKlose11"]
[Black "Mekhitarian, Krikor Sevag"]
[BlackFideId "2107660"]
[WhiteElo "2675"]
[BlackElo "2604"]
[Result "1/2-1/2"]
[Round "08"]
[TimeControl "180+2"]
[Date "2023.05.16"]
[WhiteClock "0:00:07"]
[BlackClock "0:00:04"]

1. e4 e6 2. Nf3 d5 3. e5 c5 4. b4 b6 5. bxc5 bxc5 6. c3 c4 7. d4 cxd3 8. Bxd3 Nc6 9. O-O Nge7 10. Na3 Ng6 11. Re1 Bc5 12. Nb5 O-O 13. Be3 Qb6 14. Rb1 Bxe3 15. Rxe3 Qc5 16. Nbd4 Bd7 17. Rb7 Rfd8 18. h4 Nf8 19. h5 h6 20. Rb5 Qe7 21. Rb7 Qc5 22. Rb5 Qa3 23. Rb7 Na5 24. Rc7 Rdc8 25. Rxc8 Rxc8 26. c4 Qxa2 27. cxd5 Qxd5 28. Re1 Qc5 29. Qd2 Nc6 30. Rc1 Qb6 31. Nxc6 Rxc6 32. Rxc6 Bxc6 33. Be2 Bd5 34. Nd4 Nd7 35. Bf3 Qc5 36. Nb3 Qc4 37. Bxd5 Qxd5 38. Qxd5 exd5 39. f4 Nb8 40. Kf2 Nc6 41. Ke3 Kf8 42. Kd3 Ke7 43. Nc5 f6 44. exf6+ Kxf6 45. g4 Ke7 46. Kc3 Kd6 47. Nd3 a5 48. Kb3 Ke6 49. g5 Kf5 50. gxh6 gxh6 51. Ka4 Nb4 52. Nc5 Kxf4 53. Kxa5 Nc2 54. Kb5 d4 55. Kc6 Ne3 56. Kd6 Nf5+ 57. Ke6 Kg4 58. Kf6 Kf4 59. Kg6 Kg4 60. Nd7 d3 61. Ne5+ Kh4 62. Nxd3 Ng3 63. Nf4 Nxh5 64. Nxh5 Kg4 65. Kxh6 1/2-1/2


[Site "https://www.chess.com"]